 Dungeon Crawl Stone Soup version 0.30-a0-459-g9104f0fc43 (webtiles) character file.

Game seed: 1280510988594254989

63 ytrimaz the Firebug (level 3, 0/19 HPs)
             Began as a Deep Elf Fire Elementalist on Dec 15, 2022.
             Slain by an orc
             ... wielding a +0 mace
              (5 damage)
             ... on level 3 of the Dungeon.
             The game lasted 00:03:52 (2952 turns).

ytrimaz the Firebug (Deep Elf Fire Elementalist)    Turns: 2952, Time: 00:03:52

Health: 0/19       AC:  4    Str:  5    XL:     3   Next: 87%
Magic:  0/9        EV: 12    Int: 21    God:
Gold:   12         SH:  0    Dex: 15    Spells: 5/8 levels left

rFire   . . .      SeeInvis .    (no weapon)
rCold   . . .      Faith    .    (no shield)
rNeg    . . .      Spirit   .    a - +0 robe
rPois   .          Reflect  .    (helmet restricted)
rElec   .          Harm     .    f - +0 cloak
rCorr   .          Rampage  .    d - +0 pair of gloves
Will    +....                    (no boots)
Stlth   ++........               (no amulet)
HPRegen 0.23/turn                (no ring)
MPRegen 0.11/turn                (no ring)

@: attractive
A: beak, strong-willed 1
a: no special abilities


You were on level 3 of the Dungeon.
You visited 1 branch of the dungeon, and saw 3 of its levels.

You collected 90 gold pieces.
You spent 78 gold pieces at shops.


Innate Abilities, Weirdness & Mutations

You have a beak for a mouth.
You are strong-willed. (Will+)


   Skills:
 - Level 2.4 Dodging
 - Level 2.4 Stealth
 - Level 3.0 Spellcasting
 + Level 3.0 Conjurations
 + Level 4.4 Fire Magic


You had 5 spell levels left.
You knew the following spells:

 Your Spells              Type           Power      Damage    Failure   Level
a - Foxfire               Conj/Fire      72%        2x1d7     3%          1
b - Scorch                Fire           42%        2d7       3%          2

Your spell library contained the following spells:

 Spells                   Type           Power      Damage    Failure   Level
 Inner Flame              Hex/Fire       12%        N/A       16%         3
 Ignite Poison            Fire/Tmut/Pois 9%         N/A       22%         3
 Kindle Blastsparks       Fire/Tloc/Air  18%        2d11      22%         3
 Flame Wave               Conj/Fire      18%        2d7       28%         4
 Sticky Flame             Conj/Fire      18%        2d4       28%         4
 Yara's Violent Unravell  Hex/Tmut       1%         3d3       98%         5
 Enfeeble                 Hex            1%         N/A       100%        7
 Ignition                 Fire           10%        3d5       100%        8

Inventory:

Missiles
 i - a throwing net
Armour
 a - a +0 robe (worn)
 d - a +0 pair of gloves (worn)
   (You found it on level 1 of the Dungeon)
 f - a +0 cloak (worn)
   (You found it on level 1 of the Dungeon)
Jewellery
 e - an amulet of faith
   (You found it on level 1 of the Dungeon)
Scrolls
 g - a scroll of immolation {unknown}
 h - a scroll of magic mapping {unknown}
 j - 3 scrolls of noise {unknown}
 k - a scroll of poison {unknown}
 l - 4 scrolls of identify {unknown}
 n - a scroll of enchant weapon {unknown}
 o - a scroll of teleportation {unknown}
 r - a scroll of fog {unknown}
 u - a scroll of acquirement {unknown}
 v - a scroll of silence {unknown}
Potions
 b - a potion of magic
 m - a potion of mutation
 p - a potion of lignification {unknown}
 q - a potion of brilliance {unknown}
 s - a potion of might {unknown}
 t - a potion of resistance {unknown}

Dungeon Overview and Level Annotations

Branches:
Dungeon (3/15) Zot: 15046

Altars:

Shops:
D:3

* ### ### #.. ..# #.#
#.# #.# #.#
####.#######.#####
.).........[...o@#
##.......###.#####
#...###.# #.# #.#.#
#.# #.# #.#.. #.# #.#
..###.#.###.# ...#
.#.#...# .#.#
#)#.#################
#.#.# #............#


You could see an orc.


Message History

The orc shouts! 😎 MP[-2]
You lost 2 mp, and now have 7/9 mp.
Unknown command.
Casting: Scorch (safe; 3% risk of failure)
Confirm with . or Enter, or press ? or * to list all spells.
Flames lash the orc.
The orc resists.
The orc's fire resistance burns away. 😎 MP[-2]
You lost 2 mp, and now have 5/9 mp.
Unknown command.
Press: ? - help, v - describe, . - travel
Here: an orc, wielding a +0 hand axe and wearing a +2 leather armour of fire resistance (moderately wounded, more vulnerable to fire)
The floor.
An orc comes into view. It is wielding a +0 mace.
Casting: Scorch (safe; 3% risk of failure)
Confirm with . or Enter, or press ? or * to list all spells.
Flames lash the orc.
You kill the orc! 😎 MP[-2]
You lost 2 mp, and now have 3/9 mp.
Unknown command.
Casting: Scorch (safe; 3% risk of failure)
Confirm with . or Enter, or press ? or * to list all spells.
Flames lash the orc.
The orc's fire resistance burns away. 😎 MP[-2]
You lost 2 mp, and now have 1/9 mp.
Unknown command.
Casting: Scorch (safe; 3% risk of failure)
Confirm with . or Enter, or press ? or * to list all spells.
You don't have enough magic to cast this spell.
You conjure some foxfire!
Unknown command.
The orc is no longer more vulnerable to fire.
The foxfire hits the orc but does no damage.
You miscast Foxfire.
You are very lightly contaminated with residual magic.
Nothing appears to happen.
The orc hits you with a +0 mace. 😕 HP[-3] MP[-1]
You take 3 damage, and now have 16/19 hp.
You lost 1 mp, and now have 0/9 mp.
The orc attacks as you move away!
The orc hits you with a +0 mace. 😮 HP[-4]
You take 4 damage, and now have 12/19 hp.
MASSIVE DAMAGE!! (PAUSE)
The orc attacks as you move away! The orc hits you but does no damage.
You see here an orb of energy. 😮 HP[+1]
The orc attacks as you move away!
The orc hits you but does no damage. 😮 MP[+1] Unknown command.
You are too injured to fight recklessly!
Unknown command.
Casting: Foxfire (safe; 3% risk of failure)
Confirm with . or Enter, or press ? or * to list all spells.
You conjure some foxfire!
The orc hits you with a +0 mace.
Your magical contamination has completely faded away. 😮 HP[-1] MP[-1]
You take 1 damage, and now have 12/19 hp.
You lost 1 mp, and now have 0/9 mp.
Unknown command.
You closely miss the orc. The orc closely misses you. 😮 HP[+1]
You hit the orc. Your punch misses the orc. The orc barely misses you.
Okay, then.
You barely miss the orc. The orc hits you but does no damage.
You hit the orc but do no damage. The orc hits you with a +0 mace.
* * * LOW HITPOINT WARNING * * *
😨 HP[-4]
You take 4 damage, and now have 9/19 hp.
MASSIVE DAMAGE!! (PAUSE)
You hit the orc but do no damage. The orc barely misses you. 😮 HP[+1]
You hit the orc but do no damage. The orc closely misses you.
Unknown command.
You hit the orc but do no damage. The orc hits you with a +0 mace.
* * * LOW HITPOINT WARNING * * *
😨 HP[-4] MP[+1]
You take 4 damage, and now have 6/19 hp.
MASSIVE DAMAGE!! (PAUSE)
Casting: Foxfire (safe; 3% risk of failure)
Confirm with . or Enter, or press ? or * to list all spells.
You conjure some foxfire!
The orc barely misses you. 😨 MP[-1]
You lost 1 mp, and now have 0/9 mp.
Unknown command.
There is a stone staircase leading down here. 😨 HP[+1] Unknown command.
It was a potion of mutation.
You feel extremely strange.
You feel strong-willed.
Your mouth lengthens and hardens into a beak!
The orc hits you with a +0 mace.
* * * LOW HITPOINT WARNING * * *
😨 HP[-2]
You take 2 damage, and now have 5/19 hp.
Unknown command.
It was a potion of attraction.
You feel attractive to monsters. The orc hits you with a +0 mace.
You die...

Skill      XL: |  1  2  3 |
---------------+----------+-----
Conjurations   | 2 3 |  3.0
Fire Magic     | 4 |  4.4
Dodging        | |  2.4
Stealth        | |  2.4
Spellcasting   | |  3.0

Action                   || total
-------------------------++-------
Melee: Unarmed           ||    26
 Cast: Foxfire           ||   136
       Scorch            ||     7
  Use: Potion            ||     2
 Stab: Sleeping          ||     1
Armor: Robe              ||    22
Dodge: Dodged            ||    50

Levels and vault maps discovered:
D:1:      eino_arrival_water_cross, layout_loops_corners,
          nicolae_ecumenical_lake_church
D:2:      layout_loops_ring, kennysheep_potato
D:3:      layout_basic, ebering_ghost_inner_flame, serial_shops, shop, uniq_ijyb

Notes
Turn   | Place    | Note
-------+----------+-------------------------------------------
     0 | D:1      | ytrimaz the Deep Elf Fire Elementalist began the quest for
                  | the Orb.
     0 | D:1      | Reached XP level 1. HP: 10/10 MP: 6/6
     0 | D:1      | magus.rc [v1.9.6]
   151 | D:1      | Found a faded altar of an unknown god.
   330 | D:1      | HP: 1/10 [quokka (4)]
   334 | D:1      | Reached XP level 2. HP: 3/15 MP: 0/8
   621 | D:1      | Reached skill level 2 in Conjurations
   867 | D:1      | You add the spells Ignite Poison, Sticky Flame and Ignition
                  | to your library.
  1192 | D:1      | You pick up a book of Misfortune and begin reading...
  1192 | D:1      | You add the spells Yara's Violent Unravelling and Enfeeble
                  | to your library.
  1661 | D:2      | Reached skill level 4 in Fire Magic
  1768 | D:2      | Reached XP level 3. HP: 19/19 MP: 6/9
  2442 | D:2      | Learned a level 2 spell: Scorch
  2624 | D:2      | Reached skill level 3 in Conjurations
  2803 | D:3      | Found Zuduacha's Assorted Antiques.
  2810 | D:3      | Bought a scroll labelled OLAVIA OBIS for 26 gold pieces
  2810 | D:3      | Bought a scroll labelled HOASUNNITHE for 26 gold pieces
  2810 | D:3      | Bought a scroll labelled GOCLABRUPTOLOS for 26 gold pieces
  2951 | D:3      | Gained mutation: You are strong-willed. (Will+) [potion of
                  | mutation]
  2951 | D:3      | Gained mutation: You have a beak for a mouth. [potion of
                  | mutation]
  2952 | D:3      | Slain by an orc

Vanquished Creatures
  2 dart slugs (D:2)
  2 orcs (D:3)
  5 ball pythons
  3 bats
  3 endoplasms
  3 giant cockroaches (D:2)
  3 goblins
  6 hobgoblins
  3 jackals (D:2)
  4 quokkas
  3 frilled lizards
  5 kobolds
  8 rats
50 creatures vanquished.

Vanquished Creatures (others)
  170 foxfires
170 creatures vanquished.

Grand Total: 220 creatures vanquished

Table legend:
 A = Non-vault XP
 B = Vault XP
 C = Vault XP percentage of total XP
 D = Non-vault monster count
 E = Vault monster count
 F = Vault count percentage of total count
                 A         B        C        D         E       F
            +---------+---------+-------+---------+---------+-------
      Total |      88 |       2 |   2.2 |      49 |       1 |   2.0
            +---------+---------+-------+---------+---------+-------
        D:1 |      31 |       0 |   0.0 |      20 |       0 |   0.0
        D:2 |      51 |       2 |   3.8 |      27 |       1 |   3.6
        D:3 |       6 |       0 |   0.0 |       2 |       0 |   0.0
            +---------+---------+-------+---------+---------+-------

Illustrated notes

Table legend:
 A = Kills in this place as a percentage of kills in entire the game.
 B = Kills by you in this place as a percentage of kills by you in the entire game.
 C = Kills by friends in this place as a percentage of kills by friends in the entire game.
 D = Other kills in this place as a percentage of other kills in the entire game.
 E = Experience gained in this place as a percentage of experience gained in the entire game.
 F = Experience gained in this place divided by the number of levels of this place that you have seen.
                   A       B       C       D       E      F
               +-------+-------+-------+-------+-------+----------------------
         Total | 100.0 | 100.0 |   N/A |   N/A | 100.0 |  30.0
       Dungeon | 100.0 | 100.0 |   N/A |   N/A | 100.0 |  30.0
               +-------+-------+-------+-------+-------+----------------------

Table legend: (Time is in decaauts)
 A = Elapsed time spent in this place.
 B = Non-inter-level travel time spent in this place.
 C = Inter-level travel time spent in this place.
 D = Time resting spent in this place.
 E = Time spent auto-exploring this place.
 F = Levels seen in this place.
 G = Mean time per level.
                   A        B        C        D        E       F      G
               +--------+--------+--------+--------+--------+-----+--------+
         Total |   2952 |   2894 |     58 |      0 |   2462 |   3 |  984.0 |
       Dungeon |   2952 |   2894 |     58 |      0 |   2462 |   3 |  984.0 |
               +--------+--------+--------+--------+--------+-----+--------+

Top non-repeatable levels by time:
     D:1: 1422 daAuts
     D:2: 1365 daAuts
     D:3: 163 daAuts
